 Dungeon Crawl Stone Soup version 0.30-a0-618-gd6c86c23d0 (webtiles) character file.

Game seed: 427020588864560875

144 Dirtsage the Chopper (level 5, -5/41 HPs)
             Began as a Demonspawn Fighter on Jan 9, 2023.
             Splashed by a jelly's acid (9 damage)
             ... on level 2 of the Dungeon.
             The game lasted 00:01:50 (753 turns).

Dirtsage the Chopper (Demonspawn Fighter)            Turns: 753, Time: 00:01:51

Health: -5/41      AC: -8    Str: 19    XL:     5   Next: 5%
Magic:  5/5        EV:  9    Int:  9    God:
Gold:   117        SH:  4    Dex: 12    Spells: 4/4 levels left

rFire   . . .      SeeInvis .    a - +0 war axe
rCold   . . .      Faith    .    c - +0 buckler
rNeg    . . .      Spirit   .    b - +0 scale mail
rPois   .          Reflect  .    (no helmet)
rElec   .          Harm     .    (no cloak)
rCorr   .          Rampage  .    (no gloves)
Will    .....                    (no boots) Stlth
                                 (no amulet)
HPRegen 0.26/turn                (no ring)
MPRegen 0.09/turn                (no ring)

@: corroded
A: foul stench 2, sharp scales 1, demonic touch 1
a: no special abilities


You were on level 2 of the Dungeon.
You visited 1 branch of the dungeon, and saw 2 of its levels.

You collected 117 gold pieces.

Inventory:

Hand Weapons
 a - a +0 war axe (weapon)
Armour
 b - a +0 scale mail (worn)
 c - a +0 buckler (worn)
 e - a +0 helmet
Scrolls
 i - 2 scrolls of identify {unknown}
Potions
 d - a potion of might
 f - a potion of brilliance {unknown}
 g - a potion of flight {unknown}
 h - a potion of heal wounds {unknown}


   Skills:
 - Level 3.0 Fighting
 + Level 4.8 Axes
 - Level 2.6 Armour
 - Level 2.6 Shields


You had 4 spell levels left.
You didn't know any spells.
Your spell library was empty.

Dungeon Overview and Level Annotations

Branches:
Dungeon (2/15)

Altars:


Innate Abilities, Weirdness & Mutations

You sometimes emit foul miasma when damaged in melee.
You are partially covered in razor-sharp scales. (AC +1, Slay +1)
Your touch may inflict minor irresistible damage on your foes.


Message History

You take 5 damage, and have 21/35 hp.
You are too injured to fight recklessly!
You are too injured to fight recklessly!
The jelly attacks as you move away! The jelly hits you but does no damage.
You slash the jelly!
You kill the jelly!
You hit the jelly.
Your hands burn!
The jelly is moderately wounded.
The jelly hits you but does no damage.
You take 1 damage, and have 21/35 hp.
You barely miss the jelly.
The jelly is moderately wounded.
The jelly barely misses you. The jelly hits you but does no damage.
You hit the jelly. The acid corrodes you!
Your hands burn!
The jelly is heavily wounded.
The jelly misses you.
You take 2 damage, and have 20/35 hp.
You hit the jelly.
Your hands burn!
The jelly is severely wounded.
The jelly hits you. The acid corrodes you!
You are splashed with acid!
* * * LOW HITPOINT WARNING * * *
You take 10 damage, and have 10/35 hp.
MASSIVE DAMAGE!!
You hit the jelly.
Your hands burn!
* * * LOW HITPOINT WARNING * * *
The jelly is almost dead.
The jelly barely misses you. x2
You take 3 damage, and have 7/35 hp.
You slash the jelly!
You kill the jelly!
You have reached level 5!
Your demonic ancestry asserts itself...
Your foul stench grows more powerful.
MP restored: 5 You slash the jelly!
The acid corrodes you!
Your hands burn!
* * * LOW HITPOINT WARNING * * *
The jelly is heavily wounded.
The jelly hits you.
* * * LOW HITPOINT WARNING * * *
The acid corrodes you!
You are splashed with acid!
You die...

#### ...# ### ##.#
#######.##÷....?#
##.######....#.#.#PP÷...#
......##.....#.#.#......#
##.##.'......#'#.#..P..P#
##.#..'........#)#J.....#
...#..'........#@#JJ÷.PP#
##...)##.......#J#÷.....#
##.#..###......##JJ.....#
#..)))############.÷...÷#
#..#)).####### #######
#..#.........############
.....#...)).............
##.......#..............
##..#####.##.......#...


You could see a jelly and an endoplasm.

Vanquished Creatures
  2 jellies (D:2)
  3 gnolls (D:2)
  An adder (D:2)
  A dart slug (D:1)
  3 endoplasms (D:2)
  2 hobgoblins (D:1)
  12 kobolds
  A quokka (D:2)
  8 ball pythons (D:1)
  A bat (D:1)
  3 frilled lizards (D:1)
  4 goblins
  6 rats
47 creatures vanquished.

Vanquished Creatures (others)
  10 toadstools (D:2)
10 creatures vanquished.

Grand Total: 57 creatures vanquished

Notes
Turn   | Place    | Note
-------+----------+-------------------------------------------
     0 | D:1      | Dirtsage the Demonspawn Fighter began the quest for the
                  | Orb.
     0 | D:1      | Reached XP level 1. HP: 18/18 MP: 1/1
    35 | D:1      | Reached skill level 2 in Axes
   126 | D:1      | Gained mutation: You may rarely emit foul miasma when
                  | damaged in melee. [demonic ancestry]
   126 | D:1      | Reached XP level 2. HP: 24/24 MP: 2/2
   235 | D:1      | Reached skill level 3 in Axes
   466 | D:2      | Gained mutation: You are partially covered in razor-sharp
                  | scales. (AC +1, Slay +1) [demonic ancestry]
   466 | D:2      | Reached XP level 3. HP: 24/29 MP: 3/3
   605 | D:2      | Gained mutation: Your touch may inflict minor irresistible
                  | damage on your foes. [demonic ancestry]
   605 | D:2      | Reached XP level 4. HP: 35/35 MP: 4/4
   607 | D:2      | Reached skill level 4 in Axes
   753 | D:2      | Gained mutation: You sometimes emit foul miasma when
                  | damaged in melee. [demonic ancestry]
   753 | D:2      | Reached XP level 5. HP: 8/41 MP: 5/5
   753 | D:2      | Splashed by a jelly's acid

Illustrated notes

Levels and vault maps discovered:
D:1:      dpeg_arrival_round_c, layout_rooms
D:2:      cheibrodos_fertilizer, layout_loops_cross

Skill      XL: |  1  2  3  4 |
---------------+-------------+-----
Axes           | 2 3 4 |  4.8
Fighting       | |  3.0
Armour         | |  2.6
Shields        | |  2.6

Action                   |  1- 3 |  4- 6 || total
-------------------------+-------+-------++-------
Melee: War axe           |    79 |    32 ||   111
Armor: Scale mail        |    41 |    11 ||    52
Dodge: Dodged            |    27 |    15 ||    42
Block: Buckler           |    20 |     9 ||    29

Table legend: (Time is in decaauts)
 A = Elapsed time spent in this place.
 B = Non-inter-level travel time spent in this place.
 C = Inter-level travel time spent in this place.
 D = Time resting spent in this place.
 E = Time spent auto-exploring this place.
 F = Levels seen in this place.
 G = Mean time per level.
                   A        B        C        D        E       F      G
               +--------+--------+--------+--------+--------+-----+--------+
         Total |    795 |    777 |     18 |      0 |    517 |   2 |  397.5 |
       Dungeon |    795 |    777 |     18 |      0 |    517 |   2 |  397.5 |
               +--------+--------+--------+--------+--------+-----+--------+

Top non-repeatable levels by time:
     D:1: 474 daAuts
     D:2: 321 daAuts
